 Dungeon Crawl Stone Soup version 0.26.0-10-g1f06aea511 (webtiles) character file.

Game seed: 3594092038476240480

44 Dracia the Twirler (level 3, -1/27 HPs)
             Began as a Demonspawn Gladiator on Jan 22, 2021.
             Slain by a worm (9 damage)
             ... on level 2 of the Dungeon.
             The game lasted 00:02:19 (1410 turns).

Dracia the Twirler (Demonspawn Gladiator)           Turns: 1410, Time: 00:02:20

Health: -1/27      AC:  4    Str: 15    XL:     3   Next: 39%
Magic:  3/3        EV: 13    Int:  9    God:
Gold:   75         SH:  0    Dex: 14    Spells: 2/2 levels left

rFire    . . .     SeeInvis .   (no weapon)
rCold    . . .     Faith    .   (no shield)
rNeg     . . .     Spirit   .   b - +0 leather armour
rPois    .         Reflect  .   c - +0 helmet
rElec    .         Harm     .   (no cloak)
rCorr    .         Rampage  .   (no gloves)
Will     .....                  (no boots)
Stlth    +.........             (no amulet)
HPRegen  0.09/turn              (no ring)
MPRegen  0.08/turn              (no ring)

@: no status effects
A: claws 1, sturdy frame 1
a: no special abilities


You were on level 2 of the Dungeon.
You visited 1 branch of the dungeon, and saw 2 of its levels.

You collected 75 gold pieces.


Innate Abilities, Weirdness & Mutations

You have sharp fingernails.
Your movements are slightly less encumbered by armour. (ER -2)


   Skills:
 + Level 2.1 Fighting
 - Level 3.8 Staves
 - Level 1.7 Throwing
 - Level 2.6 Dodging
 * Level 0.7 Unarmed Combat


You had 2 spell levels left.
You didn't know any spells.
Your spell library was empty.

Inventory:

Missiles
 d - 3 throwing nets (quivered) {=f=f}
Armour
 b - a +0 leather armour (worn)
 c - a +0 helmet (worn)
Scrolls
 a - 3 scrolls of identify {@r1@r1}
Potions
 f - 2 potions of curing {@q1@q1}
 g - a potion of might
 i - a potion of flight

Dungeon Overview and Level Annotations

Branches:
Dungeon (2/15)

Altars:

##### .....# .....#
#####. .....## ##....
......##########....
........##........# # .
..................##.#..#
......#.........KB.....##
......##†..(...(@w.......
.......#.........w.......
.......##...(..[..#......
####....[....#...#.......
#....†.......$.........
###....................
#..........##.....###
#........... .#.#..
#............ ..#


You could see 2 worms, a giant cockroach and a kobold.


Message History

The giant cockroach bites you. The worm misses you.
You closely miss the giant cockroach. The kobold hits you but does no damage.
The giant cockroach bites you but does no damage.
The worm bites you but does no damage.
Unknown command.
The kobold hits you but does no damage.
The giant cockroach bites you but does no damage.
You barely miss the kobold. The giant cockroach misses you.
The kobold hits you but does no damage. The worm closely misses you.
You scratch the kobold but do no damage.
The giant cockroach closely misses you. The kobold hits you with a +0 whip.
* * * LOW HITPOINT WARNING * * *
The giant cockroach bites you but does no damage.
You barely miss the worm.
The worm is moderately wounded.
The kobold hits you but does no damage. The worm misses you.
The giant cockroach bites you.
* * * LOW HITPOINT WARNING * * *
The worm bites you but does no damage.
You barely miss the worm.
The worm is moderately wounded.
The kobold barely misses you. The giant cockroach bites you.
* * * LOW HITPOINT WARNING * * *
The worm bites you.
* * * LOW HITPOINT WARNING * * *
You scratch the worm.
The worm is heavily wounded.
The kobold barely misses you. The giant cockroach closely misses you.
The worm bites you!
You die...

Skill      XL: |  1 |
---------------+----+-----
Staves         | 3 |  3.8
Fighting       | |  2.1
Throwing       | |  1.7
Dodging        | |  2.6
Unarmed Combat | |  0.7

Action                   || total
-------------------------++-------
Melee: Quarterstaff      ||    50
       Unarmed           ||    44
  Use: Scroll            ||     4
 Stab: Sleeping          ||     2
Armor: Leather armour    ||    18
Dodge: Dodged            ||    82

Levels and vault maps discovered:
D:1:      dpeg_arrival_boxorama, layout_basic
D:2:      layout_rooms, fedhas_altar_4, chequers_serial_rivers_small_3

Notes
Turn   | Place    | Note
-------+----------+-------------------------------------------
     0 | D:1      | Dracia the Demonspawn Gladiator began the quest for the
                  | Orb.
     0 | D:1      | Reached XP level 1. HP: 16/16 MP: 1/1
   359 | D:1      | Reached skill level 3 in Staves
   359 | D:1      | Gained mutation: Your movements are slightly less
                  | encumbered by armour. (ER -2) [demonic ancestry]
   359 | D:1      | Reached XP level 2. HP: 20/22 MP: 2/2
  1077 | D:2      | Gained mutation: You have sharp fingernails. [demonic
                  | ancestry]
  1077 | D:2      | Reached XP level 3. HP: 17/27 MP: 3/3
  1410 | D:2      | Slain by a worm

Vanquished Creatures
  An adder (D:2)
  2 oozes (D:1)
  A worm (D:2)
  2 dart slugs
  3 goblins (D:1)
  A hobgoblin (D:1)
  2 bats (D:1)
  2 frilled lizards
  6 kobolds
  3 rats (D:1)
23 creatures vanquished.

Table legend: (Time is in decaauts)
 A = Elapsed time spent in this place.
 B = Non-inter-level travel time spent in this place.
 C = Inter-level travel time spent in this place.
 D = Time resting spent in this place.
 E = Time spent auto-exploring this place.
 F = Levels seen in this place.
 G = Mean time per level.
                   A        B        C        D        E       F      G
               +--------+--------+--------+--------+--------+-----+--------+
         Total |   1418 |   1407 |     11 |      0 |   1211 |   2 |  709.0 |
       Dungeon |   1418 |   1407 |     11 |      0 |   1211 |   2 |  709.0 |
               +--------+--------+--------+--------+--------+-----+--------+

Top non-repeatable levels by time:
     D:1: 1075 daAuts
     D:2: 342 daAuts

Table legend:
 A = Non-vault XP
 B = Vault XP
 C = Vault XP percentage of total XP
 D = Non-vault monster count
 E = Vault monster count
 F = Vault count percentage of total count
                 A         B        C        D         E       F
            +---------+---------+-------+---------+---------+-------
      Total |      63 |       0 |   0.0 |      23 |       0 |   0.0
            +---------+---------+-------+---------+---------+-------
        D:1 |      37 |       0 |   0.0 |      17 |       0 |   0.0
        D:2 |      26 |       0 |   0.0 |       6 |       0 |   0.0
            +---------+---------+-------+---------+---------+-------
